 Dungeon Crawl Stone Soup version 0.20-a0-309-gcba9277 (webtiles) character file.

91 Junicave the Digger (level 4, -1/24 HPs)
             Began as a Gargoyle Earth Elementalist on Dec 18, 2016.
             Shot with an arrow by a centaur (10 damage)
             ... on level 2 of the Dungeon.
             The game lasted 00:07:38 (2560 turns).

Junicave the Digger (Gargoyle Earth Elementalist)   Turns: 2560, Time: 00:07:39

Health: -1/24      AC:  7    Str: 12    XL:     4   Next: 59%
Magic:  2/8        EV: 12    Int: 16    God:
Gold:   74         SH:  0    Dex: 10    Spells: 4/8 levels left

rFire  . . .     SeeInvis .     l - +0 whip
rCold  . . .     Gourm    .     t - +0 leather armour
rNeg   + . .     Faith    .     (no shield)
rPois  ∞         Spirit   .     a - +0 helmet
rElec  +         Reflect  .     (no cloak)
rCorr  +         Harm     .     (no gloves)
MR     .....                    (no boots)
Stlth  ++........               (no amulet)
                                (no ring)
                                v - ring of resist corrosion

@: very slightly contaminated
A: negative energy resistance 1, electricity resistance, unbreathing,
petrification resistance, rot immunity, AC +3
a: no special abilities


You were on level 2 of the Dungeon.
You were not hungry.

You visited 1 branch of the dungeon, and saw 2 of its levels.

You collected 74 gold pieces.

Inventory:

Hand Weapons
 l - a +0 whip (weapon)
 p - a +1 hand axe of distortion
Missiles
 b - 90 stones (quivered)
Armour
 a - a +0 helmet (worn)
 c - a +0 robe
 t - a +0 leather armour (worn)
Jewellery
 v - a ring of resist corrosion (left hand)
Scrolls
 f - 2 scrolls of identify {unknown}
 g - a scroll of blinking {unknown}
 h - a scroll of enchant weapon {unknown}
 j - a scroll of teleportation {unknown}
 k - a scroll of remove curse {unknown}
 m - a scroll of random uselessness {unknown}
 o - a scroll of fear {unknown}
Potions
 i - 2 potions of curing {unknown}
 n - a potion of heal wounds {unknown}
 q - a potion of brilliance {unknown}
 r - a potion of flight {unknown}
 s - a potion of ambrosia {unknown}
Books
 e - a book of Geomancy

   Spells                             Type                      Level
   a - Sandblast                      Earth                        1
   b - Passwall                       Transmutation/Earth          2
   c - Stone Arrow                    Conjuration/Earth            3
   d - Petrify                        Transmutation/Earth          4
   e - Lee's Rapid Deconstruction     Earth                        5
Comestibles
 d - 3 bread rations
 u - a chunk of flesh
 w - a slice of pizza


   Skills:
 + Level 2.2 Dodging
 - Level 2.1 Stealth
 + Level 2.9 Spellcasting
 + Level 1.5 Conjurations
   Level 0.7 Transmutations
 + Level 4.5 Earth Magic


You had 4 spell levels left.
You knew the following spells:

 Your Spells              Type           Power        Failure   Level  Hunger
a - Sandblast             Erth           ###...       4%          1    #......
b - Stone Arrow           Conj/Erth      ##....       24%         3    ###....


Dungeon Overview and Level Annotations

Branches:
Dungeon (2/15)

Altars:
Okawaru


Innate Abilities, Weirdness & Mutations

You are resistant to torment.
Your stone body is resilient. (AC +3)
You are immune to poison.
You resist negative energy. (rN+)
You are resistant to electric shocks. (rElec)
You can survive without breathing.
You are immune to petrification.
You are immune to rotting.


Message History

Casting: Sandblast
Confirm with . or Enter, or press ? or * to list all spells.
Aiming: Stone Arrow
Press: ? - help, Shift-Dir - straight line, f/p - centaur
Aim: a centaur You miscast Stone Arrow.
You are very lightly contaminated with residual magic.
You feel gritty. The centaur closely misses you.
The centaur hits you but does no damage.
Casting: Stone Arrow
Confirm with . or Enter, or press ? or * to list all spells.
You don't have enough magic to cast that spell.
Casting: Stone Arrow
Confirm with . or Enter, or press ? or * to list all spells.
Aiming: Sandblast
Press: ? - help, Shift-Dir - straight line, f/p - centaur
Aim: a centaur
Okay, then.
The centaur wields a shortbow.
The centaur shoots an arrow.
The arrow hits you!
You die...

#.##.####..####...(........######
..##.## #.......#........#.......
.###..###......####......########
.##.......###..............#### #
.##.......# #...........##....###
###.......# #.............###....
#.......# #...c......##.# #####
###.......# #..........##.#
.........## #...@.........#
########.# ##..........#..## #
#.# #...........#...## ######
#.###.###..######....####
.)...###.##.)#....# ##......##
.......#.##.##..### ###....#.
#..)##.#.#..##.## ###....
.....#...#.#...# #....
.._......#...#.# #####....


You could see a centaur.

Vanquished Creatures
  Ijyb (D:2)
  An adder (D:2)
  2 worms (D:2)
  A leopard gecko (D:1)
  A giant cockroach (D:2)
  5 goblins
  6 hobgoblins
  2 jackals (D:1)
  A quokka (D:2)
  A ball python (D:2)
  5 bats
  6 frilled lizards
  12 kobolds
  9 rats
53 creatures vanquished.

Notes
Turn   | Place    | Note
-------+----------+-------------------------------------------
     0 | D:1      | Junicave the Gargoyle Earth Elementalist began the quest for the Orb.
     0 | D:1      | Reached XP level 1. HP: 10/10 MP: 3/3
   305 | D:1      | Reached XP level 2. HP: 15/15 MP: 1/5
   551 | D:1      | Reached skill level 4 in Earth Magic
   745 | D:1      | Reached XP level 3. HP: 19/19 MP: 6/6
   750 | D:1      | Learned a level 3 spell: Stone Arrow
  1711 | D:2      | Found an iron altar of Okawaru.
  1745 | D:2      | Noticed Ijyb
  1790 | D:2      | Killed Ijyb
  1790 | D:2      | Reached skill level 1 in Conjurations
  1790 | D:2      | Reached XP level 4. HP: 14/24 MP: 1/8
  2315 | D:2      | Found an iron altar of Okawaru.
  2548 | D:2      | Noticed a centaur
  2560 | D:2      | Shot with an arrow by a centaur

Vault maps used:
D:1:      lemuel_arrival_funnel, minmay_unequal
D:2:      okawaru_gym_becter, st_stairs_14, uniq_iyjb

Skill      XL: |  1  2  3 |
---------------+----------+-----
Earth Magic    | 4 |  4.5
Dodging        | 2 |  2.2
Conjurations   | 1 |  1.5
Stealth        | |  2.1
Spellcasting   | |  2.9
Transmutations | |  0.7

Action                   |  1- 3 |  4- 6 || total
-------------------------+-------+-------++-------
Melee: Dagger            |    56 |       ||    56
       Short sword       |    17 |       ||    17
       Whip              |    81 |    19 ||   100
 Cast: Sandblast         |    49 |    13 ||    62
 Stab: Sleeping          |     5 |     1 ||     6
  Eat: Chunk             |     3 |     3 ||     6
Armor: Robe              |    85 |     1 ||    86
       Leather armour    |       |     9 ||     9
Dodge: Dodged            |   155 |    19 ||   174
